 Dungeon Crawl Stone Soup version 0.25-a0-346-g140ab784a8 (webtiles) character file.

Game seed: 13708728442773483942, levelgen mode: deterministic

200 BritishOli the Slasher (level 5, -1/41 HPs)
             Began as a Demonspawn Gladiator on Dec 31, 2019.
             Slain by a centaur (7 damage)
             ... on level 3 of the Dungeon.
             The game lasted 00:08:21 (3054 turns).

BritishOli the Slasher (Demonspawn Gladiator)       Turns: 3054, Time: 00:08:22

Health: -1/41      AC:  9    Str: 15    XL:     5   Next: 48%
Magic:  5/5        EV: 11    Int: 10    God:
Gold:   143        SH:  0    Dex: 14    Spells: 4/4 levels left

rFire    + . .     SeeInvis .   i - -1 short sword (curse)
rCold    x . .     Gourm    .   (no shield)
rNeg     . . .     Faith    .   n - +0 scale mail
rPois    .         Spirit   .   c - +0 helmet
rElec    .         Reflect  .   (no cloak)
rCorr    .         Harm     +   o - +1 pair of gloves {archery}
MR       .....                  (no boots)
Stlth    ..........             e - amulet of harm
HPRegen  0.13/turn              h - ring of attention (curse)
MPRegen  0.09/turn              q - ring of fire

@: no status effects
A: sturdy frame 1
a: no special abilities


You were on level 3 of the Dungeon.
You were not hungry.

You visited 1 branch of the dungeon, and saw 3 of its levels.

You collected 143 gold pieces.

Inventory:

Hand Weapons
 a - a +0 long sword
 i - a cursed -1 short sword (weapon)
Missiles
 d - 2 throwing nets (quivered)
Armour
 b - a +0 leather armour
 c - a +0 helmet (worn)
 n - a +0 scale mail (worn)
 o - a +1 pair of gloves of archery (worn)
 u - a +0 plate armour
Jewellery
 e - an amulet of harm (around neck)
 h - a cursed ring of attention (left hand)
 q - a ring of fire (right hand)
 r - an uncursed ring of resist corrosion {unknown}
Scrolls
 l - a scroll of identify
Potions
 f - a potion of brilliance {unknown}
 g - a potion of agility
 j - a potion of cancellation {unknown}
 k - a potion of resistance {unknown}
 m - 2 potions of berserk rage {unknown}
 p - a potion of degeneration {unknown}
Comestibles
 t - a ration


   Skills:
 + Level 3.6 Fighting
 * Level 4.9 Long Blades
 - Level 1.7 Throwing
 - Level 2.6 Dodging


You had 4 spell levels left.
You didn't know any spells.
Your spell library was empty.

Dungeon Overview and Level Annotations

Branches:
Dungeon (3/15)

Altars:


Innate Abilities, Weirdness & Mutations

Your movements are slightly less encumbered by armour. (ER -2)


Message History

The centaur barely misses you.
You hit the centaur.
The centaur is severely wounded.
The centaur barely misses you.
The centaur hits you but does no damage.
You hit the centaur.
The centaur is severely wounded.
The centaur hits you.
* * * LOW HITPOINT WARNING * * *
You closely miss the centaur.
The centaur is severely wounded.
The centaur hits you but does no damage. x2
You closely miss the centaur.
The centaur is severely wounded.
The centaur hits you.
* * * LOW HITPOINT WARNING * * *
You closely miss the centaur.
The centaur is severely wounded.
The centaur hits you.
You die...

#.#.....# .#......#
#.......# .......)#
........#
........#########
...>............#
..#.#.....oc.##.#####
..#.#........##c@(.(#
. ###........######.#
. #...........# #.#
##..(.....##.###.#
#.........##.....#
#.........########
#.........#
#.........#
#####........#


You could see a centaur.

Vanquished Creatures
  A howler monkey (D:2)
  Terence (D:2)
  An orc wizard (D:3)
  2 adders (D:2)
  An ooze (D:2)
  A worm (D:2)
  5 dart slugs
  A leopard gecko (D:2)
  3 orcs (D:3)
  5 bats
  6 giant cockroaches
  10 goblins
  9 hobgoblins
  3 jackals (D:2)
  A quokka (D:3)
  2 ball pythons
  4 frilled lizards
  8 kobolds
  8 rats
72 creatures vanquished.

Notes
Turn   | Place    | Note
-------+----------+-------------------------------------------
     0 | D:1      | BritishOli the Demonspawn Gladiator began the quest for the
                  | Orb.
     0 | D:1      | Reached XP level 1. HP: 16/16 MP: 1/1
    89 | D:1      | Reached skill level 3 in Long Blades
   119 | D:1      | Gained mutation: Your movements are slightly less
                  | encumbered by armour. (ER -2) [demonic ancestry]
   119 | D:1      | Reached XP level 2. HP: 20/22 MP: 2/2
   699 | D:1      | Reached XP level 3. HP: 26/28 MP: 3/3
  1463 | D:2      | Reached skill level 4 in Long Blades
  1463 | D:2      | Reached XP level 4. HP: 28/35 MP: 4/4
  1940 | D:2      | Noticed Terence
  1998 | D:2      | Killed Terence
  1998 | D:2      | Reached XP level 5. HP: 9/41 MP: 5/5
  2977 | D:3      | Noticed a centaur
  3054 | D:3      | Slain by a centaur

Levels and vault maps discovered:
D:1:      dpeg_arrival_boxes_within_box, layout_basic, minivault_24,
          kennysheep_boxes
D:2:      layout_basic, minmay_misc_feat_five, minmay_misc_feat_ornament,
          hangedman_feature_mirror, uniq_terence
D:3:      layout_basic, first_ration, minmay_circle_x, uniq_crazy_yiuf_cottage,
          uniq_ijyb

Skill      XL: |  1  2  3 |
---------------+----------+-----
Long Blades    | 3 4 |  4.9
Fighting       | 3 |  3.6
Throwing       | |  1.7
Dodging        | |  2.6

Action                   |  1- 3 |  4- 6 || total
-------------------------+-------+-------++-------
Melee: Long sword        |    32 |       ||    32
       Short sword       |   127 |   341 ||   468
Throw: Throwing net      |       |     1 ||     1
  Use: Scroll            |       |     2 ||     2
  Eat: Chunk             |     1 |     3 ||     4
       Ration            |       |     1 ||     1
Armor: Leather armour    |    12 |       ||    12
       Scale mail        |    37 |   169 ||   206
Dodge: Dodged            |    95 |   208 ||   303
       Rpst.: Long sword |     7 |       ||     7

Table legend:
 A = Non-vault XP
 B = Vault XP
 C = Vault XP percentage of total XP
 D = Non-vault monster count
 E = Vault monster count
 F = Vault count percentage of total count
                 A         B        C        D         E       F
            +---------+---------+-------+---------+---------+-------
      Total |     227 |      59 |  20.6 |      59 |      13 |  18.1
            +---------+---------+-------+---------+---------+-------
        D:1 |      45 |       0 |   0.0 |      22 |       0 |   0.0
        D:2 |     142 |      47 |  24.9 |      32 |       7 |  17.9
        D:3 |      40 |      12 |  23.1 |       5 |       6 |  54.5
            +---------+---------+-------+---------+---------+-------
